 Dungeon Crawl Stone Soup version 0.28.0-53-g5a82cb258f (webtiles) character file.

Game seed: 13185101302147856823

354 mcbry74 the Chopper (level 6, 0/46 HPs)
             Began as a Hill Orc Fighter on July 8, 2022.
             Was a Believer of Hepliaklqana.
             Slain by a lemure (1 damage)
             ... led by Pikel
             ... on level 4 of the Dungeon.
             The game lasted 00:08:43 (4432 turns).

mcbry74 the Chopper (Hill Orc Fighter)              Turns: 4432, Time: 00:08:45

Health: 0/46       AC:  8    Str: 19    XL:     6   Next: 62%
Magic:  6/6        EV:  9    Int: 10    God:    Hepliaklqana [**....]
Gold:   134        SH:  4    Dex: 10    Spells: 5/5 levels left

rFire   . . .      SeeInvis .   a - +1 war axe
rCold   . . .      Faith    .   c - +0 buckler
rNeg    . . .      Spirit   .   b - +0 scale mail
rPois   .          Reflect  .   g - +1 hat
rElec   .          Harm     +   l - scarf {harm}
rCorr   .          Rampage  .   (no gloves)
Will    .....                   (no boots)
Stlth   ..........              (no amulet)
HPRegen 0.15/turn               (no ring)
MPRegen 0.10/turn               (no ring)

@: mighty
A: reduced essence
a: Renounce Religion, Recall Ancestor, Ancestor Identity


You were on level 4 of the Dungeon.
You worshipped Hepliaklqana.
Hepliaklqana was pleased with you.
You visited 1 branch of the dungeon, and saw 4 of its levels.

You collected 134 gold pieces.

Inventory:

Hand Weapons
 a - a +1 war axe (weapon)
Armour
 b - a +0 scale mail (worn)
 c - a +0 buckler (worn)
 g - a +1 hat (worn)
 l - a scarf of harm (worn)
Magical Staves
 o - a staff of poison
Jewellery
 r - a ring of willpower
Wands
 p - a wand of polymorph (9)
Scrolls
 i - a scroll of enchant weapon
 j - a scroll of torment {unknown}
 k - a scroll of identify
 m - a scroll of acquirement {unknown}
 n - a scroll of immolation
 t - a scroll of teleportation {unknown}
Potions
 e - 2 potions of attraction
 f - a potion of heal wounds
 h - a potion of brilliance {unknown}
 q - a potion of curing {unknown}
 s - a potion of mutation {unknown}


   Skills:
 - Level 4.3 Fighting
 * Level 6.7 Axes
 + Level 5.1 Armour
 - Level 4.0 Shields


You had 5 spell levels left.
You didn't know any spells.
Your spell library contained the following spells:

 Spells                   Type           Power      Damage    Failure   Level
 Stone Arrow              Conj/Erth      0%         3d7       99%         3
 Alistair's Intoxication  Tmut/Pois      0%         N/A       100%        5
 Lee's Rapid Deconstruct  Erth           0%         3d5*      100%        5


Dungeon Overview and Level Annotations

Branches:
Dungeon (4/15)
 Temple: D:4-7

Altars:
Hepliaklqana
Zin
The Shining One

Annotations:
D:4 Pikel


Message History

You hit the lemure.
Tenoch hits the lemure but does no damage.
Pikel hits you with a +1 whip of flaming.
Pikel burns you.
The lemure hits Tenoch but does no damage.
Okay, then.
You feel very mighty all of a sudden.
Tenoch points at the lemure and mumbles some strange words.
The lemure resists with some effort.
You block the lemure's attack.
Pikel hits you with a +1 whip of flaming!
* * * LOW HITPOINT WARNING * * *
Pikel burns you.
* * * LOW HITPOINT WARNING * * *
You barely miss Pikel.
Pikel is lightly wounded.
You hit the goblin. You closely miss the lemure. You hit the lemure.
The lemure is no longer moving slowly.
Tenoch hits the lemure with a +0 dagger of draining!
The lemure barely misses Tenoch.
The goblin hits you with a +0 dagger.
* * * LOW HITPOINT WARNING * * *
Pikel misses you.
The lemure hits Tenoch!
Tenoch hits the lemure with a +0 dagger of draining.
The lemure dies!
The goblin hits you with a +0 dagger.
* * * LOW HITPOINT WARNING * * *
The lemure hits you but does no damage.
You slash Pikel!
Pikel is heavily wounded.
You slash the goblin!
You kill the goblin!
You slash the lemure! Pikel closely misses you.
Tenoch points at Pikel and mumbles some strange words.
The lemure seems to slow down.
The lemure barely misses you.
You miss Pikel.
Pikel is heavily wounded.
You barely miss the lemure. You hit the lemure. You slash the lemure!
Pikel barely misses you. The lemure barely misses you.
The lemure closely misses you.
Tenoch completely misses the lemure.
The lemure hits you.
You die...

......## ..(....#
#.........# .......#
#.........# .......#
#.........# .
....>..#####.........#..
........>...........[...
........####.....[......
........##......5K...#
##..#....#......@5...#
##..<.#.#......R5...#
#....#.###.........#
#.#..#...##.......##
#.....##...#.........#
#...#.####.....##.#...
#..##.######....#.....
##..##....###........##
#...#####............#


You could see the friendly Tenoch the hexer, Pikel (ally target) and 3 lemures.

Vanquished Creatures
  An ogre (D:4)
  A crimson imp (D:3)
  Crazy Yiuf (D:3)
  Ijyb (D:3)
  8 adders
  An ufetubus (D:4)
  A worm (D:2)
  4 dart slugs
  An orc (D:3)
  7 ball pythons
  A bat (D:2)
  7 endoplasms
  4 giant cockroaches
  5 goblins
  3 hobgoblins
  13 kobolds
  5 quokkas
  4 frilled lizards
  2 goblin skeletons (D:3)
  A goblin zombie (D:3)
  2 hobgoblin zombies (D:3)
  A kobold skeleton (D:3)
  2 kobold zombies (D:3)
  8 rats
84 creatures vanquished.

Vanquished Creatures (collateral kills)
  A lemure (D:4)
  A howler monkey skeleton (D:3)
  A dart slug (D:3)
  A ball python (D:3)
  An endoplasm (D:4)
  A hobgoblin (D:3)
  A kobold (D:3)
  A kobold skeleton (D:3)
  An orc zombie (D:3)
9 creatures vanquished.

Grand Total: 93 creatures vanquished

Notes
Turn   | Place    | Note
-------+----------+-------------------------------------------
     0 | D:1      | mcbry74 the Hill Orc Fighter began the quest for the Orb.
     0 | D:1      | Reached XP level 1. HP: 19/19 MP: 1/1
     6 | D:1      | Noticed a swamp drake
     6 | D:1      | Noticed a wolf
     6 | D:1      | Noticed a lindwurm
     6 | D:1      | Noticed a black bear
   199 | D:1      | Reached XP level 2. HP: 27/27 MP: 2/2
   222 | D:1      | Reached skill level 3 in Axes
   233 | D:1      | Found a faded altar of an unknown god.
   386 | D:1      | Reached XP level 3. HP: 25/33 MP: 3/3
  1372 | D:2      | Reached XP level 4. HP: 40/40 MP: 4/4
  1875 | D:2      | Reached skill level 4 in Axes
  2539 | D:1      | Prayed at the altar of an unknown god.
  2539 | D:1      | Became a worshipper of Hepliaklqana the Forgotten
  2539 | D:1      | Reached * piety under Hepliaklqana
  2612 | D:3      | Found a glowing golden altar of the Shining One.
  2618 | D:3      | Reached XP level 5. HP: 41/41 MP: 5/5
  2764 | D:3      | Reached skill level 5 in Axes
  2901 | D:3      | Noticed Ijyb
  2925 | D:3      | Killed Ijyb
  3007 | D:3      | Found a glowing silver altar of Zin.
  3192 | D:3      | Got Ximacs's Compendium of the Vitriolic Rocks
  3390 | D:3      | Reached ** piety under Hepliaklqana
  3433 | D:3      | Reached XP level 6. HP: 42/46 MP: 6/6
  3652 | D:3      | Remembered your ancestor Tenoch as a hexer
  3740 | D:3      | Found a runed translucent door.
  3741 | D:3      | Noticed Crazy Yiuf
  3977 | D:3      | Killed Crazy Yiuf
  3978 | D:3      | Reached skill level 6 in Axes
  4378 | D:4      | Reached skill level 5 in Armour
  4422 | D:4      | Noticed Pikel
  4430 | D:4      | HP: 2/46 [goblin/+0 dagger (3)]
  4432 | D:4      | Slain by a lemure

Illustrated notes

Levels and vault maps discovered:
D:1:      onia_arrival_zoo_common, layout_basic,
          hellmonk_ecumenical_altar_blasted
D:2:      layout_basic, glass_columns_a
D:3:      layout_loops_corners, mainiacjoe_overflow_catwalk,
          nicolae_tso_besieged_by_evil, gup_sewer_entry_glass, uniq_ijyb,
          uniq_crazy_yiuf_cottage
D:4:      layout_rooms, grunt_temple_overflow_open, hangedman_glass_teeth,
          uniq_pikel

Skill      XL: |  1  2  3  4  5  6 |
---------------+-------------------+-----
Axes           | 3 4 5 6 |  6.7
Fighting       | 4 |  4.3
Shields        | 4 |  4.0
Armour         | 4 5 |  5.1

Action                   |  1- 3 |  4- 6 || total
-------------------------+-------+-------++-------
Melee: War axe           |    85 |   166 ||   251
       Unarmed           |       |    21 ||    21
Invok: Recall Ancestor   |       |     1 ||     1
       Ancestor Identity |       |     1 ||     1
       Ancestor Life: He |       |     1 ||     1
  Use: Scroll            |       |     3 ||     3
       Potion            |       |     2 ||     2
 Stab: Distracted        |       |     1 ||     1
       Confused          |       |     1 ||     1
Armor: Scale mail        |    29 |    74 ||   103
       Skin              |       |     4 ||     4
Dodge: Dodged            |    21 |    81 ||   102
Block: Buckler           |    17 |    47 ||    64
